 Dungeon Crawl Stone Soup version 0.21-a0-405-gf2af9a1 (webtiles) character file.

795728 Ijustatesigmund the Orcish Aeon (level 27, -2/234 HPs)
             Began as a Hill Orc Fighter on Oct 30, 2017.
             Was the Champion of Cheibriados.
             Slain by Gloorx Vloq (21 damage)
             ... in Pandemonium on Nov 1, 2017.
             The game lasted 05:21:38 (73235 turns).

Ijustatesigmund the Orcish Aeon (Hill Orc Fighter) Turns: 73235, Time: 05:21:39

Health: -2/234     AC: 33    Str: 38    XL:     27
Magic:  32/38      EV: 33    Int: 27    God:    Cheibriados [******]
Gold:   4689       SH: 35    Dex: 33    Spells: 8/39 levels left

rFire    + + +     SeeInvis .   a - +9 broad axe (vamp)
rCold    + . .     Gourm    .   u - +8 large shield {rC+}
rNeg     + + .     Faith    .   g - +8 fire dragon scales
rPois    +         Spirit   .   x - -2 hat of the Alchemist {rElec rPois rF+ rC+ rN+ MR+ rMut rCorr}
rElec    +         Reflect  .   n - +2 cloak
rCorr    +         Harm     .   C - +2 pair of gloves {archery}
rMut     +                      d - +2 pair of boots
MR       ++++.                  b - amulet of the Air {Inacc +Fly rElec EV+5 RMsl}
Stlth    ++++++....             i - +3 ring of slaying
HPRegen  0.49/turn              L - ring "Woub" {rN+ MR+ Dex+3}
MPRegen  0.26/turn

@: very slightly contaminated, slowed, repel missiles, very slow
A: repulsion field 1, icy blue scales 1, blurry vision 1, frail 1
}: 5/15 runes: barnacled, slimy, silver, abyssal, gossamer
a: Bend Time, Temporal Distortion, Slouch, Step From Time, Renounce Religion,
Evoke Flight


You were in Pandemonium.
You worshipped Cheibriados.
Cheibriados was exalted by your worship.
You were not hungry.

You visited 11 branches of the dungeon, and saw 55 of its levels.
You visited Pandemonium 2 times, and saw 8 of its levels.
You visited the Abyss 2 times.
You visited 1 ziggurat, and saw 13 of its levels.
You also visited: Sewer and Ice Cave.

You collected 9365 gold pieces.
You spent 4676 gold pieces at shops.

Inventory:

Hand Weapons
 a - a +9 vampiric broad axe (weapon)
Missiles
 B - 9 throwing nets
 G - 32 javelins (quivered)
Armour
 d - a +2 pair of boots (worn)
 g - +8 fire dragon scales (worn)
 n - a +2 cloak (worn)
 u - a +8 large shield of cold resistance (worn)
 x - the -2 hat of the Alchemist (worn) {rElec rPois rF+ rC+ rN+ MR+ rMut rCorr}
   (You found it on level 13 of the Dungeon)

   It protects you from fire.
   It protects you from cold.
   It insulates you from electricity.
   It protects you from poison.
   It protects you from negative energy.
   It affects your resistance to hostile enchantments.
   It protects you from acid and corrosion.
   It protects you from mutation.
 C - a +2 pair of gloves of archery (worn)
 N - the +0 pair of gloves "Muzxij" {rC++ Int-2}
   (You acquired it on level 4 of the Depths)

   It affects your intelligence (-2).
   It greatly protects you from cold.
Jewellery
 b - the amulet of the Air (around neck) {Inacc +Fly rElec EV+5 RMsl}
   (You found it on level 5 of the Vaults)

   [amulet of inaccuracy]

   It reduces the accuracy of all your attacks.
   It affects your evasion (+5).
   It insulates you from electricity.
   It lets you fly.
   It protects you from missiles.
 i - a +3 ring of slaying (left hand)
 m - an uncursed amulet of regeneration
 q - an uncursed ring of wizardry
 E - the ring of Viceub Omn {+Fly rF+ Dex+4}
   (You found it on level 8 of a ziggurat)

   [ring of flight]

   It affects your dexterity (+4).
   It protects you from fire.
   It lets you fly.
 L - the ring "Woub" (right hand) {rN+ MR+ Dex+3}
   (You took it off a frost giant on level 3 of the Depths)

   [ring of protection from magic]

   It affects your dexterity (+3).
   It protects you from negative energy.
   It affects your resistance to hostile enchantments.
 O - an uncursed ring of see invisible
 X - an uncursed ring of protection from cold
Wands
 c - a wand of clouds (4/9)
 y - a wand of iceblast (7/15)
 H - a wand of lightning (5/15)
 P - a wand of acid (7/15)
 T - a wand of acid (8/15)
 Z - a wand of digging (11/24)
Scrolls
 j - a scroll of enchant armour
 k - 6 scrolls of immolation
 l - 10 scrolls of teleportation
 p - 9 scrolls of blinking
 r - a scroll of holy word
 s - 38 scrolls of remove curse
 v - 8 scrolls of fear
 w - 2 scrolls of summoning
 A - 8 scrolls of fog
 J - 6 scrolls of magic mapping
 U - 8 scrolls of recharging
 W - 15 scrolls of identify
Potions
 e - 5 potions of magic
 h - 12 potions of curing
 o - 4 potions of flight
 z - 2 potions of mutation
 F - a potion of resistance
 K - 6 potions of heal wounds
 M - 3 potions of agility
 R - 11 potions of ambrosia
 S - a potion of might
 V - 9 potions of brilliance
Books
 Y - the Reference Book on the Flying Mountains
   (You found it on level 3 of the Crypt)

   Spells                             Type                      Level
   a - Poisonous Vapours              Poison/Air                   2
   b - Lee's Rapid Deconstruction     Earth                        5
   c - Deflect Missiles               Charms/Air                   6
   d - Iron Shot                      Conjuration/Earth            6
Miscellaneous
 Q - 2 phantom mirrors
Comestibles
 f - 39 bread rations
 t - 18 meat rations
 D - 12 royal jellies


   Skills:
 - Level 23.7 Fighting
 - Level 23.5 Axes
 - Level 13.7 Throwing
 - Level 16.1 Armour
 - Level 14.3 Dodging
 - Level 16.7 Stealth
 - Level 19.2 Shields
 - Level 6.5 Spellcasting
 - Level 8.0 Conjurations
 - Level 15.9 Hexes
 - Level 8.7 Summonings
 - Level 17.3 Translocations
 - Level 8.8 Fire Magic
 + Level 23.9 Invocations
 - Level 5.6 Evocations


You had 8 spell levels left.
You knew the following spells:

 Your Spells              Type           Power        Failure   Level  Hunger
a - Summon Butterflies    Summ           ######..     1%          1    None
b - Apportation           Tloc           ######       0%          1    None
c - Blink                 Tloc           N/A          1%          2    None
d - Portal Projectile     Hex/Tloc       ######       1%          3    None
e - Conjure Flame         Conj/Fire      ######..     1%          3    None
f - Lesser Beckoning      Tloc           #######...   1%          3    None
g - Invisibility          Hex            #######.     4%          6    ######.
h - Dispersal             Tloc           #######...   2%          6    ######.
i - Darkness              Hex            #######...   4%          6    ######.


Dungeon Overview and Level Annotations

Branches:
Dungeon (15/15)            Temple (1/1) D:4            Lair (6/6) D:10
 Shoals (4/4) Lair:2       Spider (4/4) Lair:2        Slime (5/5) Lair:5
    Orc (2/2) D:10            Elf (0/3) Orc:2        Vaults (5/5) D:14
  Crypt (3/3) Vaults:2       Tomb (0/3) Crypt:3      Depths (5/5) D:15
    Zot (5/5) Depths:5

Altars:
Ashenzari
Cheibriados
Dithmenos
Elyvilon
Fedhas
Gozag
Hepliaklqana
Kikubaaqudgha
Makhleb
Nemelex Xobeh
Okawaru
Qazlal
Ru
Sif Muna
Trog
Uskayaw
Vehumet
Wu Jian
Xom
Yredelemnul
Zin
The Shining One

Shops:
D:8 [   D:14 (   Orc:2 ![*:   Vaults:1 :   Vaults:2 [:   Vaults:3 [
Depths:1 *[%[=

Portals:
Hell: Lair:6 Depths:1 Depths:2 Depths:3 Depths:4 Depths:5
Abyss: Depths:2 Depths:4
Pandemonium: Orc:2 Depths:3

Annotations:
Pan Gloorx Vloq


Innate Abilities, Weirdness & Mutations

You are surrounded by a mild repulsion field. (EV +2)
You are partially covered in icy blue scales. (AC +2)
Scrolls take you a little longer to read.
You are frail. (-10% HP)


Message History

The Executioner hits you but does no damage.
You feel better.
You are engulfed in dark miasma.
You feel as though you will be slow longer.
* * * LOW HITPOINT WARNING * * *
Gloorx Vloq calls on the powers of darkness!
Your body is wracked with pain!
* * * LOW HITPOINT WARNING * * *
You block the Executioner's attack. x2; The Executioner barely misses you.
You block the Executioner's attack. The Executioner closely misses you.
You block the Executioner's attack.
Gloorx Vloq calls on the powers of darkness!
Your body is wracked with pain!
* * * LOW HITPOINT WARNING * * *
You block the Executioner's attack. The Executioner barely misses you.
The Executioner closely misses you. The Executioner misses you.
The Executioner hits you but does no damage.
The Executioner hits you.
* * * LOW HITPOINT WARNING * * *
Gloorx Vloq hits you!!
You die...

.#,,*,,,*,,,*,,,*,,,*,,,*,,*,,,#.
.#.,#......,*,,,,,,,*,,,,,,*,,,#.
.#..#.....##**'####,*,,,,,,*,,,#.
.#..#.....#.#,,...#,*,,,,,,*,,,#.
.#........#...,...#,,,,,,,,*,,,#.
.#........#...##..#,,,,,,,,*,,,#.
.'........#..#.#§.#,,,,,,,,',,,#.
.#........#..##&1§#,,,,,,,,*,,,#.
.#........#...§1@§#,,,,,,,,*,,,#.
.#......#.#....§#§#,,,,,*,,*,,,#.
.#......#.####§####,,,,,*,,*,,,#.
.#......#......§#,,,,,,,*,,*,,,#.
.#..#...#...#..§#,,,*,,,*,,*,,,#.
.#####'##########***********,,,#.
....#...#...#,,,*,,,*,,,*,,,,*,#.
....#.......#,,,,,,,*,,,,,,,,,,#.
..#[#.#.#.#.#,*,*,*,*,*,*,*,,,,#.


You could see Gloorx Vloq and 2 Executioners.

Vanquished Creatures
  the Royal Jelly (Slime:5)
  4 ancient liches
  Mara (Depths:2)
  The ghost of Nico3ck the Invulnerable, a legendary FoFi of Makhleb (Pan)
  5 juggernauts
  Frederick (Crypt:2)
  2 curse toes
  3 pandemonium lords (Pan)
  A caustic shrike (Depths:3)
  15 golden dragons
  Nikola (Spider:3)
  A bone dragon (Zig:1)
  the Enchantress (Depths:2)
  Arachne (Spider:3)
  4 Tzitzimimeh (Pan)
  2 electric golems (Zot:1)
  A shard shrike zombie (Crypt:2)
  A Brimstone Fiend (Pan)
  Jorgrun (Spider:3)
  3 hellephants
  2 Hell Sentinels (Pan)
  6 liches
  An Ice Fiend (Pan)
  9 tentacled monstrosities
  Asterion (Vaults:2)
  13 quicksilver dragons
  20 Executioners
  47 acid blobs
  6 titans
  Gastronok (Lair:2)
  2 deep elf master archers (Zig:12)
  2 ancient champions
  5 death cobs
  8 sphinxes
  Kirke (Spider:3)
  8 tentacled starspawn
  Donald (Orc:2)
  4 nagarajas (Zig:9)
  9 storm dragons
  22 azure jellies
  10 shadow dragons
  6 tengu reavers
  3 revenants
  Ilsuiw (Shoals:3)
  11 vault wardens
  8 draconian monks
  8 draconian scorchers
  4 emperor scorpions (Spider:4)
  16 fire giants
  3 iron dragons
  8 draconian knights
  4 cacodemons (Pan)
  Louise (Shoals:1)
  An orc warlord (Zig:5)
  12 balrugs
  6 ghost moths
  6 curse skulls
  5 warmongers (Pan)
  Aizul (Shoals:1)
  8 frost giants
  7 draconian shifters
  A deep elf elementalist (Vaults:5)
  3 spriggan defenders (Depths:2)
  5 draconian annihilators
  7 ghouls
  14 ironheart preservers
  26 stone giants
  A draconian stormcaller (Zot:1)
  An angel (Abyss:1)
  5 entropy weavers
  2 blood saints (Pan)
  27 very ugly things
  15 reapers
  8 vampire knights
  13 green draconians
  2 deep elf demonologists
  4 corrupters (Pan)
  8 black draconians
  7 black suns (Pan)
  16 purple draconians
  A deep elf annihilator (Vaults:5)
  6 spark wasps
  A dire elephant (Abyss:5)
  15 red draconians
  11 white draconians
  9 yellow draconians
  22 lorocyprocas (Pan)
  15 ettins
  A crystal guardian (Vaults:3)
  7 deep elf death magi
  7 blizzard demons
  Snorg (Orc:2)
  5 merfolk javelineers
  13 eidola
  9 green deaths
  14 death oozes
  A mummy priest (Crypt:3)
  Josephine (D:13)
  7 merfolk impalers
  4 deep elf high priests (Vaults:5)
  16 great orbs of eyes
  17 fire dragons
  15 ice dragons
  10 rakshasas
  31 vault guards
  19 yaktaur captains
  11 ogre magi
  A naga warrior (Zig:9)
  12 hydras
  2 quicksilver dragon skeletons (Crypt:1)
  2 hell beasts (Pan)
  A caustic shrike simulacrum (Depths:3)
  4 monstrous demonspawn (Pan)
  4 spriggan air magi
  A catoblepas (Lair:3)
  4 death knights
  An anaconda (shapeshifter) (Zig:3)
  A merfolk avatar (Shoals:4)
  10 centaur warriors
  An anaconda (Zig:9)
  9 deep troll shamans
  A dancing weapon (Zig:6)
  2 merfolk aquamancers (Shoals:4)
  2 satyrs
  8 tengu warriors
  33 two-headed ogres
  An alligator snapping turtle (Shoals:4)
  7 deep troll earth magi
  5 vampire magi
  6 death yaks (Lair:6)
  5 thrashing horrors
  Urug (Lair:3)
  A shock serpent (shapeshifter) (Vaults:5)
  5 orc high priests (Orc:2)
  50 sun demons
  2 naga sharpshooters
  7 spriggan berserkers
  4 titan skeletons
  9 deep elf knights
  53 soul eaters
  A storm dragon zombie (Crypt:2)
  Nergalle (Lair:1)
  6 shadow wraiths (Pan)
  4 storm dragon skeletons
  8 iron trolls
  6 wretched stars
  The ghost of dainius the Basher, a novice MiFi of Okawaru (D:8)
  24 skeletal warriors
  A spatial maelstrom (Abyss:5)
  14 sixfirhies
  28 deep trolls
  7 sea snakes
  5 unseen horrors
  12 infernal demonspawn (Pan)
  A quicksilver dragon simulacrum (Crypt:2)
  A ghost moth zombie (Crypt:3)
  A naga ritualist (Zig:9)
  A golden dragon zombie (Crypt:2)
  4 torturous demonspawn
  4 glowing orange brains
  3 shadow demons (Pan)
  5 gelid demonspawn
  5 golden dragon skeletons
  19 phantasmal warriors
  2 flayed ghosts
  6 deep elf archers
  4 wizards
  2 harpies (shapeshifter)
  15 ironbrand convokers
  A lindwurm (shapeshifter) (Vaults:4)
  4 shadow dragon zombies
  17 deep elf magi
  17 orc knights
  18 harpies
  17 necromancers
  46 ugly things
  A mana viper (Zig:9)
  2 tengu skeletons
  2 fauns (shapeshifter)
  18 orb spiders
  2 orange crystal statues
  A sphinx zombie (Vaults:5)
  2 wolf spider zombies
  A stone giant zombie (Crypt:3)
  A cyclops (shapeshifter) (Vaults:4)
  9 manticores
  40 wolf spiders
  8 fauns
  2 iron dragon zombies (Crypt:3)
  10 shining eyes
  A salamander (shapeshifter) (D:15)
  3 shadow dragon skeletons
  3 stone giant skeletons
  11 orc sorcerers
  10 cyclopes
  2 centaur zombies (D:15)
  2 worldbinders
  A salamander (Zig:9)
  2 frost giant zombies
  A naga mage (Zig:9)
  22 moths of wrath
  3 iron dragon skeletons
  16 vault sentinels
  3 eyes of devastation
  5 water nymphs
  5 merfolk sirens
  2 rust devils (Pan)
  5 frost giant skeletons
  33 smoke demons
  10 black mambas
  46 large abominations
  4 ice statues (IceCv)
  A shock serpent skeleton (Pan)
  A spriggan zombie (Depths:3)
  3 alligator snapping turtle zombies
  A spiny frog (shapeshifter) (Vaults:4)
  2 elf skeletons (Depths:3)
  A dire elephant skeleton (Crypt:2)
  11 spiny frogs
  56 yaktaurs
  4 efreet
  13 orange demons
  A komodo dragon (shapeshifter) (Depths:1)
  9 rime drakes
  30 demonic crawlers
  4 tormentors (Pan)
  2 kobold demonologists
  15 ice devils
  27 hellwings
  A catoblepas skeleton (Crypt:3)
  A yaktaur skeleton (Vaults:3)
  16 freezing wraiths
  6 komodo dragons
  2 guardian mummies (Crypt:3)
  A jumping spider (shapeshifter) (Vaults:3)
  3 tengu conjurers
  A troll (shapeshifter) (Vaults:3)
  5 ancient zymes
  34 jumping spiders
  3 hydra zombies (Crypt:3)
  19 merfolk
  A queen ant zombie (Crypt:1)
  A silent spectre (Abyss:3)
  A human skeleton (Vaults:3)
  10 red devils
  7 trolls
  6 meliai
  14 hornets
  21 raiju
  Prince Ribbit (D:9)
  7 blink frogs
  9 snapping turtles
  A dream sheep (shapeshifter) (Vaults:5)
  8 hippogriffs
  A hydra skeleton (Crypt:3)
  A frost giant simulacrum (Vaults:5)
  5 wind drakes
  153 slime creatures
  16 dream sheep
  77 redbacks
  2 centaur simulacra
  12 spriggans
  13 flying skulls
  A black mamba zombie (Crypt:3)
  2 ettin skeletons
  2 human simulacra
  4 air elementals
  20 starcursed masses
  A redback (shapeshifter) (D:15)
  15 wraiths
  5 shadows
  18 tarantellas
  2 ice dragon skeletons (Crypt:1)
  14 water elementals
  A wyvern (D:8)
  2 fire bats (shapeshifter)
  A vampire (D:15)
  26 ynoxinuls
  8 golden eyes
  19 humans (D:14)
  A yak (shapeshifter) (Vaults:5)
  68 yaks
  2 black mamba skeletons (Crypt:1)
  3 hogs (Spider:3)
  A golden eye (shapeshifter) (Abyss:1)
  5 basilisks
  An ushabti (Crypt:3)
  3 fire bats
  A two-headed ogre zombie (D:10)
  2 hungry ghosts
  8 vampire mosquitoes
  23 chaos spawn
  3 spatial vortices (Abyss:5)
  22 neqoxecs
  A hydra simulacrum (Abyss:1)
  7 wargs
  2 insubstantial wisps (Lair:1)
  A torturous demonspawn zombie (Abyss:1)
  4 acid dragons
  9 small abominations
  A soldier ant (D:9)
  6 hell hounds
  A spiny frog zombie (Crypt:3)
  10 water moccasins
  3 floating eyes
  62 orc warriors
  9 porcupines
  12 eyes of draining
  A black bear (D:12)
  3 ice beasts
  3 phantoms (D:10)
  A hornet zombie (D:15)
  6 necrophages
  31 ogres
  11 boggarts
  An ettin simulacrum (Vaults:5)
  A sky beast (D:5)
  18 centaurs
  15 wolves
  3 snapping turtle skeletons
  A rime drake zombie (Crypt:1)
  An elephant skeleton (Crypt:1)
  2 swamp dragon skeletons
  A fire crab zombie (Crypt:1)
  12 crocodiles
  24 bullfrogs
  6 big kobolds
  A water moccasin zombie (D:8)
  A wyvern zombie (D:6)
  5 wyvern skeletons
  4 scorpions
  3 troll zombies
  6 wights
  6 killer bees (D:13)
  5 howler monkeys
  A wolf zombie (Crypt:2)
  5 electric eels
  8 crimson imps
  3 draconian simulacra (IceCv)
  3 hounds
  A wolf skeleton (Crypt:1)
  30 orc priests
  An iron imp (Abyss:3)
  4 jellies
  24 orc wizards
  6 centaur skeletons
  8 iguanas
  8 worker ants
  A lightning spire (Zig:12)
  2 spriggan simulacra (IceCv)
  4 troll simulacra (IceCv)
  5 ogre zombies (D:10)
  A naga zombie (Crypt:3)
  An ogre skeleton (Pan)
  A crocodile skeleton (Crypt:2)
  2 hound zombies (D:8)
  2 worker ant zombies
  7 gnolls
  14 adders
  3 shadow imps
  4 white imps (D:13)
  4 ufetubi
  2 oozes (D:2)
  An adder skeleton (D:5)
  3 worms
  4 dart slugs
  5 leopard geckos
  109 orcs
  3 ball pythons
  6 giant cockroaches
  7 goblins
  8 hobgoblins
  14 jackals
  34 kobolds
  7 quokkas
  A river rat zombie (Crypt:1)
  A ball python skeleton (Crypt:2)
  16 bats
  8 frilled lizards
  A giant cockroach zombie (Crypt:2)
  A gnoll skeleton (Crypt:2)
  A goblin skeleton (D:10)
  3 goblin zombies (D:10)
  6 hobgoblin zombies (D:10)
  4 orc skeletons (D:10)
  11 orc zombies (D:10)
  7 rats
  7 fungi
  A lurking horror (Abyss:3)
  12 plants
  11 starspawn tentacles
  6 withered plants (Crypt:3)
3313 creatures vanquished.

Vanquished Creatures (collateral kills)
  4 humans (D:14)
4 creatures vanquished.

Vanquished Creatures (others)
  A golden dragon (Depths:3)
  A nagaraja (Zig:9)
  A draconian monk (Zot:4)
  A merfolk impaler (Depths:3)
  A merfolk javelineer (Zig:12)
  A fire dragon (Depths:5)
  An infernal demonspawn (Pan)
  An obsidian statue (Zig:5)
  A large abomination (Abyss:1)
  A slime creature (Slime:3)
  A water elemental (Depths:3)
  3 humans (Spider:4)
  A golden eye (Slime:2)
  A chaos spawn (Pan)
  A neqoxec (Pan)
  2 ogres
  A boggart (Depths:3)
  3 small abominations (Abyss:1)
  2 kobolds
  18 fungi
  2 lurking horrors
  21 plants
  13 starspawn tentacles
  10 withered plants (Crypt:3)
89 creatures vanquished.

Grand Total: 3406 creatures vanquished

Notes
Turn   | Place    | Note
-------+----------+-------------------------------------------
     0 | D:1      | Ijustatesigmund the Hill Orc Fighter began the quest for the Orb.
     0 | D:1      | Reached XP level 1. HP: 19/19 MP: 1/1
   292 | D:1      | Reached XP level 2. HP: 27/27 MP: 2/2
   807 | D:1      | Reached XP level 3. HP: 32/33 MP: 3/3
   835 | D:2      | Found a basalt altar of Yredelemnul.
   907 | D:2      | Found a shadowy altar of Dithmenos.
   977 | D:2      | Found a faded altar of an unknown god.
   991 | D:2      | Reached skill level 5 in Axes
   991 | D:2      | Reached XP level 4. HP: 35/41 MP: 4/4
  1078 | D:2      | Found an iron altar of Okawaru.
  1083 | D:2      | Found a blossoming altar of Fedhas.
  1271 | D:2      | Found a bloodstained altar of Trog.
  1478 | D:2      | Reached XP level 5. HP: 46/47 MP: 5/5
  1994 | D:4      | Noticed an ogre
  2002 | D:4      | Killed an ogre
  2002 | D:4      | Reached skill level 5 in Fighting
  2002 | D:4      | Reached XP level 6. HP: 15/56 MP: 6/6
  2204 | D:4      | Gained mutation: Your flesh is heat resistant. (rF+) [potion of mutation]
  2204 | D:4      | Gained mutation: You are partially covered in icy blue scales. (AC +2) [potion of mutation]
  2378 | D:4      | Found a staircase to the Ecumenical Temple.
  2393 | Temple   | Entered the Ecumenical Temple
  2477 | Temple   | Became a worshipper of Cheibriados the Contemplative
  3073 | D:5      | Entered Level 5 of the Dungeon
  3084 | D:5      | Reached XP level 7. HP: 58/63 MP: 7/7
  3307 | D:5      | Found a glowing drain.
  3326 | D:5      | Reached * piety under Cheibriados
  3347 | Sewer    | Entered a sewer
  3817 | Sewer    | Reached ** piety under Cheibriados
  4243 | D:5      | Reached XP level 8. HP: 69/71 MP: 8/8
  4262 | D:5      | Found a hazy altar of Hepliaklqana.
  4262 | D:5      | Found an ornate altar of the Wu Jian Council.
  4263 | D:5      | Found a hide-covered altar of Uskayaw.
  4530 | D:6      | Reached skill level 10 in Axes
  4820 | D:6      | Identified a scroll of acquirement
  4873 | D:6      | Reached skill level 1 in Invocations
  5015 | D:6      | Got a jewelled morningstar
  5016 | D:6      | Identified the cursed +0 morningstar of Judgement {crush, +Fly rC+} (You found it on level 6 of the Dungeon)
  5235 | D:6      | Reached skill level 1 in Dodging
  5554 | D:7      | Reached *** piety under Cheibriados
  5772 | D:7      | Reached XP level 9. HP: 70/79 MP: 12/12
  5854 | D:7      | You fall through a shaft for 3 floors!
  5854 | D:10     | Entered Level 10 of the Dungeon
  5856 | D:10     | Reached skill level 5 in Invocations
  5907 | D:10     | Reached skill level 5 in Shields
  5952 | D:10     | Found a basalt altar of Yredelemnul.
  5957 | D:10     | Reached skill level 5 in Armour
  6085 | D:9      | Noticed Prince Ribbit
  6156 | D:9      | Killed Prince Ribbit
  6182 | D:9      | Reached **** piety under Cheibriados
  6412 | D:7      | Found a shimmering altar of Xom.
  6505 | D:8      | Noticed dainius's ghost (novice MiFi)
  6515 | D:8      | Killed dainius's ghost
  6515 | D:8      | Reached XP level 10. HP: 86/86 MP: 14/16
  6522 | D:8      | Found Nahaloro's Armour Emporium.
  6528 | D:8      | Bought a +2 pair of gloves of archery for 322 gold pieces
  6540 | D:8      | Noticed a two-headed ogre
  6544 | D:8      | Killed a two-headed ogre
  6574 | D:8      | Reached ***** piety under Cheibriados
  6632 | D:8      | Found a sparkling altar of Nemelex Xobeh.
  7500 | D:9      | Reached skill level 10 in Invocations
  7754 | D:10     | Found a staircase to the Orcish Mines.
  7790 | D:10     | Killed an unseen horror
  7790 | D:10     | Reached skill level 5 in Dodging
  7790 | D:10     | Reached XP level 11. HP: 85/92 MP: 19/19
  7869 | D:10     | Reached ****** piety under Cheibriados
  7911 | D:10     | Killed an unseen horror
  7969 | D:10     | Found a staircase to the Lair.
  8127 | D:11     | Noticed a two-headed ogre
  8134 | D:11     | Killed a two-headed ogre
  8263 | D:11     | Noticed a five-headed hydra
  8268 | D:11     | Killed a two-headed hydra
  8372 | D:11     | Noticed a five-headed hydra
  8377 | D:11     | Killed a two-headed hydra
  8691 | D:11     | Got a distressingly furry ring mail
  8697 | D:11     | Identified the +0 ring mail "Ykocreer" {rElec Str+4 Dex+3} (You found it on level 11 of the Dungeon)
  8724 | D:11     | Noticed a cyclops
  8732 | D:11     | Noticed a two-headed ogre
  8732 | D:11     | Killed a cyclops
  8736 | D:11     | Killed a two-headed ogre
  8847 | D:11     | Found a bloodstained altar of Trog.
  8912 | D:11     | Reached XP level 12. HP: 96/103 MP: 21/21
  9214 | D:12     | Learned a level 1 spell: Summon Butterflies
  9903 | D:13     | Noticed a sun demon
  9912 | D:13     | Killed a sun demon
  9932 | D:13     | Noticed Josephine
  9942 | D:13     | Killed Josephine
 10062 | D:13     | Reached skill level 10 in Fighting
 10065 | D:13     | Noticed a centaur warrior
 10068 | D:13     | Killed a centaur warrior
 10268 | D:13     | Noticed an eight-headed hydra
 10274 | D:13     | Killed a five-headed hydra
 10771 | D:13     | Noticed a centaur warrior
 10782 | D:13     | Killed a centaur warrior
 10790 | D:13     | Reached XP level 13. HP: 80/115 MP: 24/24
 10829 | D:13     | Found the -2 hat of the Alchemist {rElec rPois rF+ rC+ rN+ MR+ rMut rCorr}
 10941 | D:13     | Found an iron altar of Okawaru.
 10968 | D:13     | Found the ripped robe
 10971 | D:13     | Got a ripped robe
 10982 | D:13     | Identified the cursed -5 robe of Misfortune {-Cast *Contam *Tele *Drain EV-5 Stlth-- *Curse} (You found it on level 13 of the Dungeon)
 11454 | D:13     | Reached skill level 15 in Invocations
 11621 | D:14     | Paralysed by a hornet for 1 turns
 11699 | D:14     | Found Zeok's Weapon Boutique.
 12084 | D:14     | Found a shattered altar of Ashenzari.
 12453 | D:14     | Found a gate to the Vaults.
 12453 | D:14     | Noticed a vault guard
 12458 | D:14     | Killed a vault guard
 12572 | Lair:1   | Entered Level 1 of the Lair of Beasts
 12615 | Lair:1   | You fall through a shaft!
 12651 | Lair:1   | Reached skill level 1 in Summonings
 12654 | Lair:1   | Reached XP level 14. HP: 127/127 MP: 26/26
 12701 | Lair:1   | Reached skill level 15 in Axes
 13081 | Lair:1   | Found a deep blue altar of Sif Muna.
 13082 | Lair:1   | Noticed Nergalle
 13094 | Lair:1   | Killed Nergalle
 14106 | Lair:2   | Found a hole to the Spider Nest.
 14113 | Lair:2   | Noticed Gastronok
 14150 | Lair:2   | Killed Gastronok
 14429 | Lair:2   | Found a staircase to the Shoals.
 14799 | Lair:3   | Noticed Urug
 14805 | Lair:3   | Killed Urug
 14860 | Lair:3   | Reached skill level 1 in Evocations
 16179 | Lair:5   | Found a staircase to the Slime Pits.
 17020 | Lair:6   | Entered Level 6 of the Lair of Beasts
 17055 | Lair:6   | Reached XP level 15. HP: 93/139 MP: 27/27
 17292 | Lair:6   | Reached skill level 10 in Armour
 17694 | Lair:6   | Found a burning altar of Makhleb.
 17771 | Lair:6   | Found a gateway to Hell.
 18675 | D:15     | Entered Level 15 of the Dungeon
 18677 | D:15     | Found the +27 Lear's hauberk
 19252 | D:15     | Reached XP level 16. HP: 142/147 MP: 28/28
 19312 | D:15     | Found a staircase to the Depths.
 19389 | D:15     | Found a white marble altar of Elyvilon.
 19487 | D:15     | Reached skill level 1 in Throwing
 19905 | Spider:1 | Entered Level 1 of the Spider Nest
 20210 | Spider:1 | Reached skill level 5 in Throwing
 22282 | Spider:3 | Noticed Jorgrun
 22288 | Spider:3 | Killed Jorgrun
 22296 | Spider:3 | Noticed Nikola
 22314 | Spider:3 | Killed Nikola
 22324 | Spider:3 | Noticed Arachne
 22528 | Spider:3 | Killed Arachne
 22528 | Spider:3 | Reached XP level 17. HP: 125/154 MP: 21/29
 23187 | Spider:4 | Entered Level 4 of the Spider Nest
 23195 | Spider:4 | Learned a level 1 spell: Apportation
 23415 | Spider:4 | Reached skill level 1 in Translocations
 23643 | Spider:4 | Noticed Kirke
 23759 | Spider:3 | Reached skill level 15 in Fighting
 23768 | Spider:3 | Killed Kirke
 24102 | Spider:4 | Paralysed by a hornet for 1 turns
 24641 | Spider:4 | Got a gossamer rune of Zot
 25118 | Orc:1    | Entered Level 1 of the Orcish Mines
 25326 | Orc:2    | Entered Level 2 of the Orcish Mines
 25326 | Orc:2    | Found a frozen archway.
 25344 | IceCv    | Entered an ice cave
 25643 | IceCv    | Reached XP level 18. HP: 165/165 MP: 30/30
 25815 | Orc:2    | Noticed Donald
 25818 | Orc:2    | Noticed Snorg
 25825 | Orc:2    | Killed Donald
 25832 | Orc:2    | Killed Snorg
 26251 | Orc:2    | Found Lieklisi's General Store.
 26253 | Orc:2    | Reached skill level 10 in Shields
 26257 | Orc:2    | Found Boquroc's Distillery.
 26473 | Orc:2    | Bought a potion of curing for 36 gold pieces
 26473 | Orc:2    | Bought a potion of mutation for 96 gold pieces
 26473 | Orc:2    | Bought a potion of curing for 36 gold pieces
 26475 | Orc:2    | Bought a scroll of enchant armour for 112 gold pieces
 26475 | Orc:2    | Bought a scroll of blinking for 112 gold pieces
 26477 | Orc:2    | Bought a potion of brilliance for 48 gold pieces
 26477 | Orc:2    | Bought a potion of brilliance for 48 gold pieces
 26557 | Orc:2    | Found a staircase to the Elven Halls.
 27087 | Orc:2    | Found Gomaesia's Antique Armour Boutique.
 27087 | Orc:2    | Found Lufakkeyrgh's Book Shop.
 27100 | Orc:2    | Found a one-way gate leading to the halls of Pandemonium.
 27104 | Orc:2    | Bought a book of Minor Magic for 260 gold pieces
 27107 | Orc:2    | Learned a level 2 spell: Blink
 27109 | Orc:2    | Bought a translucent ring mail for 333 gold pieces
 27119 | Orc:2    | Identified the cursed +1 ring mail of Divine Intervention {rN+ Regen+} (You bought it in a shop on level 2 of the Orcish Mines)
 27349 | Shoals:1 | Entered Level 1 of the Shoals
 27571 | Shoals:2 | Got a transparent battleaxe
 27664 | Shoals:3 | Identified the +8 battleaxe "Ocila" {antimagic, -Tele rElec Dex+4} (You found it on level 2 of the Shoals)
 27804 | Shoals:3 | Reached skill level 5 in Translocations
 28035 | Shoals:4 | Entered Level 4 of the Shoals
 28047 | Shoals:4 | Noticed Ilsuiw
 28186 | Shoals:3 | Reached skill level 5 in Evocations
 28226 | Shoals:3 | Killed Ilsuiw
 28546 | Shoals:4 | Reached skill level 1 in Spellcasting
 28834 | Shoals:4 | Got a brightly glowing tin ring
 28836 | Shoals:4 | Identified the ring of Summer {*Drain rElec rC+ MR++ Int-3} (You found it on level 4 of the Shoals)
 29581 | Shoals:4 | Got a barnacled rune of Zot
 29756 | Shoals:2 | Reached XP level 19. HP: 172/172 MP: 31/31
 29772 | Shoals:2 | Identified the ring of Cuofihuw {rPois rC++ rN+ Dex-3} (You found it on level 2 of the Shoals)
 30149 | Shoals:2 | Reached skill level 5 in Summonings
 30286 | Shoals:1 | Noticed Aizul
 30297 | Shoals:1 | Killed Aizul
 30359 | Shoals:1 | Noticed Louise
 30380 | Shoals:1 | Cast into level 3 of the Abyss (Louise)
 30563 | Abyss:3  | Found a corrupted altar of Lugonu.
 30644 | Shoals:1 | Escaped the Abyss
 30657 | Shoals:1 | Killed Louise
 31398 | Vaults:1 | Entered Level 1 of the Vaults
 31531 | Vaults:1 | Found Zorphirua's Book Emporium.
 31846 | Vaults:1 | Reached skill level 10 in Throwing
 32633 | Vaults:2 | Found Quozid's Antique Armour Boutique.
 32686 | Vaults:2 | Found Baefid's Magic Scroll Boutique.
 32844 | Vaults:2 | Found a staircase to the Crypt.
 33004 | Vaults:2 | Bought an ichor-stained ring mail for 216 gold pieces
 33024 | Vaults:2 | Identified the +2 ring mail of the Blessed Realm {*Corrode rF+ MP+9 Dex+7 Stlth+} (You bought it in a shop on level 2 of the Vaults)
 33045 | Vaults:2 | Bought a heavily runed ring mail for 216 gold pieces
 33045 | Vaults:2 | Bought a runed large shield for 180 gold pieces
 33068 | Vaults:1 | Identified the +2 ring mail "Pusche" {*Slow MR+++ Str+4 Dex+2} (You bought it in a shop on level 2 of the Vaults)
 33136 | Vaults:2 | Noticed Asterion
 33142 | Vaults:2 | Reached XP level 20. HP: 113/183 MP: 32/32
 33152 | Vaults:2 | Killed Asterion
 33980 | Vaults:2 | Found Esapoj Osooch's Book Boutique.
 35019 | Vaults:3 | Reached skill level 15 in Shields
 35059 | Vaults:3 | Found Ichoreha's Armour Boutique.
 35775 | Vaults:4 | Reached XP level 21. HP: 190/190 MP: 33/33
 36342 | Vaults:4 | Found the +6 arbalest "Damnation" {damnation}
 36671 | Vaults:5 | Entered Level 5 of the Vaults
 36684 | Vaults:5 | Noticed a golden dragon
 36881 | Vaults:4 | Killed a golden dragon
 37197 | Vaults:5 | Identified the +5 hand axe of Tartarus {chop, rF+ rC- rN+ Str+2} (You found it on level 5 of the Vaults)
 37502 | Vaults:5 | Reached XP level 22. HP: 175/200 MP: 34/34
 37784 | Vaults:5 | Paralysed by a great orb of eyes for 3 turns
 38600 | Vaults:5 | Paralysed by a sphinx for 5 turns
 38603 | Vaults:5 | Noticed an ancient lich
 38971 | Vaults:4 | Killed an ancient lich
 39194 | Vaults:5 | Got a steaming war axe {antimagic}
 39209 | Vaults:4 | Identified the +5 war axe of Okawaru {antimagic, *Rage rElec Str+3 Dex+5} (You took it off a vault sentinel on level 5 of the Vaults)
 39375 | Vaults:5 | Got a silver rune of Zot
 39899 | Vaults:5 | Found the amulet of the Air {Inacc +Fly rElec EV+5 RMsl}
 40326 | Depths:1 | Entered Level 1 of the Depths
 40335 | Depths:1 | Found Seratt's Armour Emporium.
 40541 | Depths:1 | Reached XP level 23. HP: 199/213 MP: 35/35
 40651 | Depths:1 | Found Sotiffoh's Food Boutique.
 40683 | Depths:1 | Found Jotraywa's Armour Boutique.
 40686 | Depths:1 | Bought the +9 scale mail of Patterns {rElec Regen+ Str+2 Dex+3} for 1249 gold pieces
 40711 | Depths:1 | Found Donu's Jewellery Emporium.
 41284 | Depths:1 | Found Cudov's Assorted Antiques.
 41289 | Depths:1 | Bought a scroll of enchant weapon for 277 gold pieces
 41289 | Depths:1 | Bought a potion of heal wounds for 185 gold pieces
 41395 | Depths:2 | Noticed Mara
 41409 | Depths:2 | Noticed Ijustatesigmund's illusion
 41436 | Depths:2 | Noticed Ijustatesigmund's illusion
 41449 | Depths:2 | Killed Mara
 41674 | Depths:2 | Noticed the Enchantress
 41692 | Depths:2 | Killed the Enchantress
 41705 | Depths:2 | Identified the +3 faerie dragon scales {rCorr Str+3 Slay+2} (You took it off the Enchantress on level 2 of the Depths)
 42007 | Depths:2 | Found a one-way gate to the infinite horrors of the Abyss.
 42812 | Depths:3 | Upgraded the game from 0.21-a0-404-g291f19a to 0.21-a0-405-gf2af9a1
 43229 | Depths:3 | Reached skill level 10 in Dodging
 43294 | Depths:3 | Noticed a golden dragon
 43308 | Depths:3 | Noticed a golden dragon
 43364 | Depths:3 | Killed a golden dragon
 43468 | Depths:3 | Killed a golden dragon
 43584 | Depths:3 | Reached XP level 24. HP: 197/224 MP: 36/36
 44075 | Depths:3 | Noticed a juggernaut
 44076 | Depths:3 | Noticed a caustic shrike
 44082 | Depths:3 | Killed a caustic shrike
 44352 | Depths:3 | Killed a juggernaut
 44543 | Depths:3 | Noticed a juggernaut
 44578 | Depths:3 | Killed a juggernaut
 44593 | Depths:3 | Noticed a juggernaut
 44605 | Depths:3 | Killed a juggernaut
 44665 | Depths:3 | Noticed a juggernaut
 44683 | Depths:3 | Killed a juggernaut
 44838 | Depths:3 | Identified the ring "Woub" {rN+ MR+ Dex+3} (You took it off a frost giant on level 3 of the Depths)
 45302 | Depths:4 | Found a shimmering altar of Xom.
 45322 | Depths:4 | Identified the +0 pair of gloves "Muzxij" {rC++ Int-2} (You acquired it on level 4 of the Depths)
 45441 | Depths:4 | Reached XP level 25. HP: 232/232 MP: 37/37
 45597 | Depths:4 | Identified the +3 hand axe "Loopy" {vamp, SInv} (You took it off a centaur warrior on level 4 of the Depths)
 45879 | Depths:5 | Entered Level 5 of the Depths
 46024 | Depths:5 | Found a gateway to a ziggurat.
 46402 | Slime:1  | Entered Level 1 of the Pits of Slime
 47049 | Slime:1  | Gained mutation: Potions are less effective at restoring your health. [a shining eye]
 49145 | Slime:5  | Entered Level 5 of the Pits of Slime
 49181 | Slime:5  | Noticed the Royal Jelly
 49489 | Slime:5  | Killed the Royal Jelly
 49489 | Slime:5  | Reached XP level 26. HP: 175/241 MP: 1/38
 49787 | Slime:5  | Got a slimy rune of Zot
 49864 | Slime:5  | Learned a level 3 spell: Portal Projectile
 49901 | Slime:5  | Identified the +2 chain mail of Fanaticism {SInv} (You found it on level 5 of the Pits of Slime)
 49935 | Slime:5  | Reached skill level 1 in Hexes
 49948 | Slime:5  | Paralysed by a floating eye for 2 turns
 50456 | Lair:5   | Lost mutation: You are partially covered in icy blue scales. (AC +2) [potion of mutation]
 50456 | Lair:5   | Lost mutation: Potions are less effective at restoring your health. [potion of mutation]
 50456 | Lair:5   | Lost mutation: Your flesh is heat resistant. (rF+) [potion of mutation]
 50456 | Lair:5   | Gained mutation: You are dopey. (Int -2) [potion of mutation]
 50456 | Lair:5   | Gained mutation: You are weak. (Str -2) [potion of mutation]
 50456 | Lair:5   | Gained mutation: You are somewhat resistant to further mutation. [potion of mutation]
 50457 | Lair:5   | Lost mutation: You are dopey. (Int -2) [potion of mutation]
 50457 | Lair:5   | Lost mutation: You are weak. (Str -2) [potion of mutation]
 50457 | Lair:5   | Lost mutation: You are somewhat resistant to further mutation. [potion of mutation]
 50457 | Lair:5   | Gained mutation: You have a somewhat thin skeletal structure. (Dex +2, Stealth) [potion of mutation]
 50457 | Lair:5   | Gained mutation: You are frail. (-10% HP) [potion of mutation]
 50457 | Lair:5   | Gained mutation: You have sharp toenails. [potion of mutation]
 50457 | Lair:5   | Gained mutation: You are partially covered in rugged brown scales. (AC +1, +3% HP) [potion of mutation]
 50458 | Lair:5   | Lost mutation: You are frail. (-10% HP) [potion of mutation]
 50458 | Lair:5   | Lost mutation: You have a somewhat thin skeletal structure. (Dex +2, Stealth) [potion of mutation]
 50458 | Lair:5   | Gained mutation: Your flesh is cold resistant. (rC+) [potion of mutation]
 50458 | Lair:5   | Gained mutation: You evolve. [potion of mutation]
 50458 | Lair:5   | Gained mutation: You are weak. (Str -2) [potion of mutation]
 50458 | Lair:5   | Gained mutation: You can translocate small distances at will. [potion of mutation]
 50611 | Lair:1   | Learned a level 3 spell: Conjure Flame
 50793 | Vaults:2 | Bought a book of Party Tricks for 950 gold pieces
 50797 | Vaults:2 | Learned a level 3 spell: Lesser Beckoning
 50804 | Vaults:2 | Learned a level 6 spell: Invisibility
 51090 | Depths:5 | Reached skill level 1 in Fire Magic
 51160 | Depths:5 | Reached skill level 1 in Conjurations
 51160 | Depths:5 | Reached skill level 5 in Hexes
 51506 | Depths:5 | Found a gate to the Realm of Zot.
 51673 | Zot:1    | Entered Level 1 of the Realm of Zot
 51913 | Zot:1    | Reached skill level 5 in Fire Magic
 52108 | Zot:1    | Reached skill level 5 in Conjurations
 52340 | Zot:1    | Reached XP level 27. HP: 197/263 MP: 38/38
 52736 | Zot:2    | Reached skill level 10 in Hexes
 53784 | Zot:3    | Reached skill level 15 in Armour
 54858 | Zot:5    | Entered Level 5 of the Realm of Zot
 54978 | Zot:4    | Noticed an orb of fire
 54989 | Zot:4    | Gained mutation: Your spells are a little easier to cast, but a little less powerful. [an orb of fire]
 54992 | Zot:4    | Noticed an orb of fire
 55323 | Zig:1    | Entered Level 1 of a ziggurat
 55347 | Zig:2    | Entered Level 2 of a ziggurat
 55372 | Zig:2    | Identified the +5 chain mail "Fisigoru" {rPois rCorr Str+7} (You found it on level 2 of a ziggurat)
 55377 | Zig:3    | Entered Level 3 of a ziggurat
 55400 | Zig:3    | Identified the Grimoire of Orientation and Transmutation
 55409 | Zig:3    | Learned a level 6 spell: Dispersal
 55416 | Zig:4    | Entered Level 4 of a ziggurat
 55419 | Zig:4    | Noticed a juggernaut
 55433 | Zig:4    | Killed a juggernaut
 55456 | Zig:5    | Entered Level 5 of a ziggurat
 55483 | Zig:5    | Reached skill level 15 in Hexes
 55583 | Zig:6    | Entered Level 6 of a ziggurat
 55757 | Zig:7    | Entered Level 7 of a ziggurat
 55764 | Zig:7    | Noticed Catybb the pandemonium lord
 55769 | Zig:8    | Entered Level 8 of a ziggurat
 55905 | Zig:8    | Noticed Atraetac the pandemonium lord
 55910 | Zig:8    | Got a slimy jade ring
 55916 | Zig:9    | Entered Level 9 of a ziggurat
 56119 | Zig:9    | Identified the ring of Viceub Omn {+Fly rF+ Dex+4} (You found it on level 8 of a ziggurat)
 56174 | Zig:9    | Identified the amulet "Oppul" {RegenMP rF+ Dex+2} (You found it on level 9 of a ziggurat)
 56377 | Zig:10   | Entered Level 10 of a ziggurat
 56399 | Zig:10   | Paralysed by a floating eye for 2 turns
 56415 | Zig:10   | Gained mutation: You tend to lose your temper in combat. [a shining eye]
 56416 | Zig:10   | Gained mutation: Scrolls take you a little longer to read. [a shining eye]
 56458 | Zig:10   | Lost mutation: You are weak. (Str -2) [potion of mutation]
 56458 | Zig:10   | Lost mutation: Scrolls take you a little longer to read. [potion of mutation]
 56458 | Zig:10   | Lost mutation: Your spells are a little easier to cast, but a little less powerful. [potion of mutation]
 56458 | Zig:10   | Lost mutation: You evolve. [potion of mutation]
 56458 | Zig:10   | Gained mutation: You often lose your temper in combat. [potion of mutation]
 56458 | Zig:10   | Gained mutation: You are clumsy. (Dex -2) [potion of mutation]
 56458 | Zig:10   | Lost mutation: You are clumsy. (Dex -2) [potion of mutation]
 56458 | Zig:10   | Gained mutation: You are partially covered in icy blue scales. (AC +2) [potion of mutation]
 56459 | Zig:10   | Lost mutation: You often lose your temper in combat. [potion of mutation]
 56459 | Zig:10   | Lost mutation: You are partially covered in rugged brown scales. (AC +1, +3% HP) [potion of mutation]
 56459 | Zig:10   | Lost mutation: You have sharp toenails. [potion of mutation]
 56459 | Zig:10   | Lost mutation: Your flesh is cold resistant. (rC+) [potion of mutation]
 56459 | Zig:10   | Gained mutation: You expend magic power (3 MP) to strengthen your wands. [potion of mutation]
 56459 | Zig:10   | Gained mutation: Your flesh is heat resistant. (rF+) [potion of mutation]
 56492 | Zig:11   | Entered Level 11 of a ziggurat
 56510 | Zig:12   | Entered Level 12 of a ziggurat
 56553 | Zig:12   | Gained mutation: Armour fits poorly on your strangely shaped body. [mutagenic glow]
 56697 | Zig:12   | Identified the Almanac of Vitriolic Feathers
 56699 | Zig:12   | Identified Ithror's Disquisition on Flight and Dark Rites
 56700 | Zig:12   | Identified the Grimoire of the Oath and Ignition
 56713 | Zig:12   | Lost mutation: You can translocate small distances at will. [potion of mutation]
 56713 | Zig:12   | Lost mutation: Your flesh is heat resistant. (rF+) [potion of mutation]
 56713 | Zig:12   | Lost mutation: Armour fits poorly on your strangely shaped body. [potion of mutation]
 56713 | Zig:12   | Lost mutation: You tend to lose your temper in combat. [potion of mutation]
 56713 | Zig:12   | Gained mutation: You are weak. (Str -2) [potion of mutation]
 56713 | Zig:12   | Gained mutation: You are frail. (-10% HP) [potion of mutation]
 56713 | Zig:12   | Lost mutation: You are weak. (Str -2) [potion of mutation]
 56713 | Zig:12   | Gained mutation: You are agile. (Dex +2) [potion of mutation]
 56726 | Zig:12   | Learned a level 6 spell: Darkness
 56735 | Zig:13   | Entered Level 13 of a ziggurat
 56755 | Zig:13   | Noticed Guejef the pandemonium lord
 56755 | Zig:13   | Noticed Puzodoppo the pandemonium lord
 56755 | Zig:13   | Noticed Xiyff the pandemonium lord
 56758 | Zig:13   | Got a slimy pewter ring
 56909 | Depths:5 | Identified the ring "Poproxt" {*Tele *Drain rC++ MR+++ Slay+5} (You found it on level 13 of a ziggurat)
 57377 | Crypt:1  | Entered Level 1 of the Crypt
 58829 | Crypt:2  | Noticed Frederick
 58859 | Crypt:2  | Killed Frederick
 59404 | Crypt:2  | Reached skill level 10 in Translocations
 59706 | Crypt:3  | Entered Level 3 of the Crypt
 59930 | Crypt:3  | Noticed an ancient lich
 59930 | Crypt:3  | Noticed an ancient lich
 59941 | Crypt:3  | Killed an ancient lich
 59943 | Crypt:3  | Killed an ancient lich
 60149 | Crypt:3  | Found an ancient bone altar of Kikubaaqudgha.
 60380 | Crypt:3  | Found a staircase to the Tomb.
 61828 | Crypt:3  | Identified the Reference Book on the Flying Mountains
 61832 | Crypt:3  | Identified the +4 scale mail "Gicsofae" {rF+ Slay+3} (You found it on level 3 of the Crypt)
 62423 | Pan      | Entered Pandemonium
 64064 | Pan      | Noticed Nico3ck's ghost (legendary FoFi)
 64111 | Pan      | Killed Nico3ck's ghost
 64371 | Pan      | Reached skill level 15 in Translocations
 64539 | Pan      | Found an exit through the horrors of the Abyss.
 64546 | Pan      | Took an exit into the Abyss.
 64546 | Abyss:1  | Escaped into the Abyss
 64578 | Abyss:1  | Found a corrupted altar of Lugonu.
 66158 | Abyss:3  | Noticed an ancient lich
 66175 | Abyss:3  | Killed an ancient lich
 66247 | Abyss:5  | Entered Level 5 of the Abyss
 66387 | Abyss:5  | Found a corrupted altar of Lugonu.
 66389 | Abyss:5  | Got an abyssal rune of Zot
 66484 | Orc:2    | Escaped the Abyss
 66486 | Pan      | Entered Pandemonium
 66697 | Pan      | Reached skill level 5 in Spellcasting
 66716 | Pan      | Found an exit through the horrors of the Abyss.
 67509 | Pan      | Noticed Neippui the pandemonium lord
 67517 | Pan      | Killed Neippui the pandemonium lord
 68140 | Pan      | Reached skill level 1 in Stealth
 68990 | Pan      | Gained mutation: You do not regenerate when monsters are visible. [a cacodemon]
 69156 | Pan      | Found a runed door.
 69170 | Pan      | Reached skill level 5 in Stealth
 69655 | Pan      | Noticed Qymaeg the pandemonium lord
 69679 | Pan      | Noticed Koosaklu the pandemonium lord
 69986 | Pan      | Lost mutation: You are agile. (Dex +2) [potion of mutation]
 69986 | Pan      | Lost mutation: You are frail. (-10% HP) [potion of mutation]
 69986 | Pan      | Lost mutation: You expend magic power (3 MP) to strengthen your wands. [potion of mutation]
 69986 | Pan      | Gained mutation: You are surrounded by a mild repulsion field. (EV +2) [potion of mutation]
 69986 | Pan      | Lost mutation: You do not regenerate when monsters are visible. [potion of mutation]
 70156 | Pan      | Gained mutation: Scrolls take you a little longer to read. [a cacodemon]
 70162 | Pan      | Killed Koosaklu the pandemonium lord
 70244 | Pan      | Reached skill level 10 in Stealth
 70923 | Pan      | Noticed Porgheno the pandemonium lord
 70953 | Pan      | Killed Porgheno the pandemonium lord
 72232 | Pan      | Entered the realm of Gloorx Vloq.
 72481 | Pan      | Reached skill level 15 in Stealth
 73103 | Pan      | Identified the cursed +0 scale mail of the Slug {rF- Int+8} (You found it in Pandemonium)
 73171 | Pan      | Gained mutation: You are frail. (-10% HP) [mutagenic glow]
 73226 | Pan      | Noticed Gloorx Vloq
 73235 | Pan      | Slain by Gloorx Vloq

Vault maps used:
D:1:      dpeg_arrival_snail, minmay_misc_feat_room, grunt_decor_mini_mirrors
D:2:      minitemple, bloody_trog, chequers_ecumenical_altar_island,
          yredelemnul_altar_generic
D:4:      minmay_temple_entry_overgrown
D:5:      gammafunk_temple_overflow_claw, gup_sewer_entry_glass, first_bread
D:6:      hangedman_abyss_or_decor_jellyfish_corner
D:7:      basic_altar, grunt_decor_one_mirror
D:8:      serial_shops, shop_statue, basic_altar
D:9:      hangedman_pestilent_swarm, small_statue_intersection,
          uniq_prince_ribbit1
D:10:     grunt_lair_entry_orc_guard_hut, zombieorc2_lemuel, basic_altar
D:11:     basic_altar
D:13:     evilmike_iron_armoury, minmay_fire_ice_demons, uniq_josephine
D:14:     grunt_vaults_entry_tiered, serial_shops, kennysheep_mini_moat,
          evilmike_ruin_ashenzari
D:15:     grunt_enter_depths_giant_problem, elyvilon_altar_1, hex_tiny
Temple:   nicolae_temple_great_sept
Lair:1:   kb_forest_paths, basic_altar, pond, uniq_nergalle
Lair:2:   minmay_shoals_entry_hut, nicolae_spider_entry_orb_guardian,
          grunt_megastairs_5, infiniplex_staircase_pool, uniq_gastronok
Lair:3:   uniq_urug
Lair:4:   serial_bayou, serial_bayou_pond_c, serial_bayou_pond_d,
          serial_bayou_lagoon_b, serial_bayou_lagoon_a, columned_hall_lemuel
Lair:5:   minmay_slime_entry_pillars, ldierk_geyser, lemuel_fruit_tree,
          grunt_megastairs_3
Lair:6:   evil_forest
Shoals:1: uniq_louise, uniq_aizul
Shoals:4: shoals_end_hangedman, shoal_ilsuiw
Spider:2: spider_trap
Spider:3: uniq_nikola, uniq_jorgrun, uniq_arachne
Spider:4: guppyfry_spider_rune, uniq_kirke
Slime:3:  cheibrodos_slime_lost_civilization_3
Orc:1:    mines_bat_river
Orc:2:    pf_orc_diabolical, portal_ice_cave_rime, uniq_donald, uniq_snorg
Vaults:1: vaults_room_octagon, nicolae_vaults_twisting_passages, v_misc_9,
          v_pattern_2, nicolae_vaults_three_branches, dpeg_vaults_monster_row,
          grunt_vaults_funnel, ontoclasm_vaults_bender, st_cells,
          ontoclasm_vaults_decontamination, ontoclasm_vaults_fault,
          ontoclasm_vaults_gateway, ontoclasm_vaults_idyll, serial_shops,
          nicolae_shop_behind_doors
Vaults:2: minmay_crypt_entry_simple_round, vaults_room_boxed, vaults_room_fours,
          vaults_mumra_chevron_long, v_pattern_1, hangedman_vaults_trim,
          v_misc_9, v_misc_30, vaults_room_mumra_shop_pool, vaults_dpeg_hooks,
          serial_shops, nicolae_shop_stone, shop, uniq_asterion
Vaults:3: nicolae_vaults_angled_halls, st_lattice, hangedman_vaults_stitches,
          v_pattern_5, v_misc_28, vaults_mumra_minichess_inversion,
          vaults_mumra_chevron, v_misc_30, nicolae_vaults_alarming,
          serial_shops, shop
Vaults:4: ontoclasm_vaults_shuriken, vaults_dpeg_diagonal,
          hangedman_vaults_capsules, vaults_room_hallway, vaults_room_pools,
          v_misc_22, v_misc_9, nicolae_vaults_yaktaur_gun_rack,
          vaults_room_pool, hangedman_vaults_maws
Vaults:5: serial_shops
Crypt:1:  minmay_skeleton_keep, grunt_crypt_arrival_split
Crypt:2:  uniq_frederick
Crypt:3:  evilmike_haunted_forest
Depths:1: hell_entry, serial_shops, nicolae_shop_behind_doors,
          nicolae_shop_waterfront, shop_fountains, nicolae_shop_waterfront,
          kennysheep_little_box, minmay_librarian, serial_bayou_shore_a
Depths:2: minmay_open_boxes_in_corner, abyss_entry, hell_entry,
          minmay_misc_feat_plants, special_room, infiniplex_staircase_pillars_1,
          uniq_enchantress, uniq_mara
Depths:3: gammafunk_depths_water_palace, rand_demon_pan_entry_8,
          hangedman_decor_points, hell_entry, minmay_staircase_bubble
Depths:4: due_chaos_kobolds, abyss_entry_crystal, lightli_too_deep,
          kennysheep_generic_room_6
Depths:5: evilmike_zot_entry_basic, enter_ziggurat_b, hell_entry,
          hangedman_abyss_or_decor_slice, st_stairs_8, serial_bayou_shore_b
Zot:1:    nicolae_zot_stationary_front
Zot:3:    st_stairs_1, grunt_ministairs_8
Abyss:3:  evilmike_abyss_exit_16, bh_abyss_exit_spiral,
          guppyfry_abyss_exit_imp_island
Abyss:5:  due_exit_kobolds, evilmike_abyss_rune_elephants_shrine,
          evilmike_abyss_exit_17
Pan:      rand_demon_4, nicolae_pan_gloorx_vloqian_1, rand_demon_2,
          evilmike_mini_pan_T, rand_demon_9, reaverb_pan_figure_eight,
          nicolae_pan_lom_lobonic_2, evilmike_mini_pan_diamond,
          pan_blood_fountain_small, rand_demon_6, pan_blood_fountain_small,
          evilmike_mini_pan_corridor, nicolae_pan_sigil_obb,
          nicolae_pan_gloorx_vloqian_4, gloorx_vloq_grunt_torture_chamber,
          pan_blood_fountain
Zig:3:    ziggurat_pillar_centre_c
Zig:11:   ziggurat_pillar_centre_smoke
Sewer:    sewer_co_scattered_pipes
IceCv:    ice_cave_tombish

Skill      XL: |  1  2  3  4  5  6  7  8  9 10 11 12 13 14 15 16 17 18 19 20 21 22 23 24 25 26 27 |
---------------+----------------------------------------------------------------------------------+-----
Axes           | 3 4 5 6 8 9 10 13 14 16 17 19 21 22 23 | 23.5
Fighting       | 4 5 6 7 8 10 12 14 15 16 17 19 20 22 23 | 23.7
Invocations    | 4 8 11 13 14 16 17 19 21 23 | 23.9
Dodging        | 2 3 5 6 7 8 10 12 14 | 14.3
Armour         | 4 6 7 8 9 14 16 | 16.1
Shields        | 4 6 7 8 9 10 15 19 | 19.2
Summonings     | 1 4 6 8 |  8.7
Evocations     | 3 5 |  5.6
Throwing       | 9 10 13 | 13.7
Translocations | 3 7 17 | 17.3
Spellcasting   | 3 6 |  6.5
Hexes          | 9 15 | 15.9
Fire Magic     | 6 8 |  8.8
Conjurations   | 5 8 |  8.0
Stealth        | 16 | 16.7

Action                   |  1- 3 |  4- 6 |  7- 9 | 10-12 | 13-15 | 16-18 | 19-21 | 22-24 | 25-27 || total
-------------------------+-------+-------+-------+-------+-------+-------+-------+-------+-------++-------
Melee: War axe           |   102 |   158 |   150 |       |       |       |       |       |       ||   410
       Broad axe         |       |       |   148 |   407 |   923 |  1179 |  1172 |  1266 |  4912 || 10007
Throw: Javelin           |       |       |       |       |       |    16 |    18 |    11 |    18 ||    63
       Throwing net      |       |       |       |       |       |       |     2 |       |       ||     2
 Cast: Apportation       |       |       |       |       |       |     5 |     6 |     1 |     8 ||    20
       Blink             |       |       |       |       |       |     2 |     2 |     4 |    18 ||    26
       Invisibility      |       |       |       |       |       |       |       |       |    20 ||    20
       Portal Projectile |       |       |       |       |       |       |       |       |     4 ||     4
Invok: Slouch            |       |       |       |     1 |     1 |     8 |     7 |    10 |    27 ||    54
       Bend Time         |       |       |       |       |       |     1 |       |       |       ||     1
Evoke: Wand              |       |       |       |       |     4 |    18 |       |     1 |     9 ||    32
       Phantom mirror    |       |       |       |       |       |       |       |       |     1 ||     1
  Use: Scroll            |     5 |     7 |     6 |     6 |    15 |    17 |     9 |    26 |    54 ||   145
       Potion            |       |     3 |     2 |       |       |     6 |     5 |     6 |    23 ||    45
 Stab: Sleeping          |       |       |       |     7 |       |       |       |       |     1 ||     8
       Held in net/web   |       |       |       |       |     2 |       |     2 |       |       ||     4
       Paralysed         |       |       |       |       |     1 |     1 |       |       |       ||     2
       Distracted        |       |       |       |       |     1 |       |       |       |    10 ||    11
       Confused          |       |       |       |       |       |       |       |       |     3 ||     3
       Invisible         |       |       |       |       |       |       |       |       |    83 ||    83
  Eat: Chunk             |       |     6 |     6 |     9 |    13 |     6 |     1 |     3 |     4 ||    48
       Fruit             |       |     1 |     1 |     1 |     5 |    20 |     6 |       |    16 ||    50
       Royal jelly       |       |       |       |       |       |       |     2 |     5 |    25 ||    32
       Bread ration      |       |       |       |       |       |       |     1 |       |       ||     1
       Meat ration       |       |       |       |       |       |       |     1 |       |     1 ||     2
Armor: Scale mail        |    60 |    66 |    79 |       |       |       |       |   213 |   370 ||   788
       Acid dragon scale |       |       |    27 |    79 |       |       |       |       |       ||   106
       Ring mail         |       |       |       |    55 |     3 |       |       |       |       ||    58
       Chain mail        |       |       |       |       |   293 |   640 |   313 |   105 |       ||  1351
       Fire dragon scale |       |       |       |       |       |       |       |       |   382 ||   382
Dodge: Dodged            |    43 |    40 |    81 |   211 |   359 |   616 |   365 |   615 |  2332 ||  4662
       Deflected         |       |       |       |       |       |       |       |    32 |    93 ||   125
Block: Shield            |    79 |    93 |   178 |   305 |   625 |  1174 |   240 |       |       ||  2694
       Large shield      |       |       |       |       |       |       |   861 |  1669 |  5987 ||  8517

Table legend:
 A = Spawn XP
 B = Non-spawn XP
 C = Spawn XP percentage of total XP
 D = Spawn monster count
 E = Non-spawn monster count
 F = Spawn count percentage of total count
 G = Total turns spent on level
                    A         B        C        D         E        F      G
               +---------+---------+-------+---------+---------+-------+---------
         Total |  196623 | 1982019 |   9.0 |     296 |    2957 |   9.1 | 73235
               +---------+---------+-------+---------+---------+-------+---------
           D:1 |       0 |      35 |   0.0 |       0 |      20 |   0.0 |   834
           D:2 |       0 |     134 |   0.0 |       0 |      32 |   0.0 |   725
           D:3 |       0 |      48 |   0.0 |       0 |      19 |   0.0 |   435
           D:4 |       0 |     392 |   0.0 |       0 |      16 |   0.0 |  1148
           D:5 |       0 |     529 |   0.0 |       0 |      27 |   0.0 |   543
           D:6 |       0 |     670 |   0.0 |       0 |      16 |   0.0 |  1003
           D:7 |       0 |     764 |   0.0 |       0 |      29 |   0.0 |   562
           D:8 |       0 |    2566 |   0.0 |       0 |      28 |   0.0 |   979
           D:9 |       0 |    1624 |   0.0 |       0 |      13 |   0.0 |   462
          D:10 |       0 |    4254 |   0.0 |       0 |      66 |   0.0 |   768
          D:11 |       0 |    7599 |   0.0 |       0 |      37 |   0.0 |  1305
          D:12 |       0 |    1608 |   0.0 |       0 |      13 |   0.0 |   693
          D:13 |       0 |   16187 |   0.0 |       0 |      75 |   0.0 |  1943
          D:14 |       0 |   16297 |   0.0 |       0 |      73 |   0.0 |  1360
          D:15 |       0 |   23966 |   0.0 |       0 |      55 |   0.0 |  1154
        Lair:1 |       0 |   10866 |   0.0 |       0 |      56 |   0.0 |  1816
        Lair:2 |       0 |    9281 |   0.0 |       0 |      22 |   0.0 |  1428
        Lair:3 |       0 |    6379 |   0.0 |       0 |      19 |   0.0 |   966
        Lair:4 |       0 |    1053 |   0.0 |       0 |       7 |   0.0 |   743
        Lair:5 |       0 |    6906 |   0.0 |       0 |      34 |   0.0 |  1041
        Lair:6 |       0 |   24627 |   0.0 |       0 |      67 |   0.0 |  1425
      Shoals:1 |       0 |   10422 |   0.0 |       0 |      16 |   0.0 |   782
      Shoals:2 |       0 |    9856 |   0.0 |       0 |      24 |   0.0 |   641
      Shoals:3 |       0 |   11625 |   0.0 |       0 |      22 |   0.0 |   873
      Shoals:4 |       0 |   26324 |   0.0 |       0 |      44 |   0.0 |  1195
      Spider:1 |       0 |   19533 |   0.0 |       0 |      62 |   0.0 |   906
      Spider:2 |       0 |   14519 |   0.0 |       0 |      35 |   0.0 |  1064
      Spider:3 |       0 |   17641 |   0.0 |       0 |      22 |   0.0 |  1226
      Spider:4 |       0 |   43151 |   0.0 |       0 |      89 |   0.0 |  1274
       Slime:1 |       0 |   23548 |   0.0 |       0 |      40 |   0.0 |   657
       Slime:2 |       0 |   23542 |   0.0 |       0 |      25 |   0.0 |   496
       Slime:3 |       0 |   31269 |   0.0 |       0 |      56 |   0.0 |  1373
       Slime:4 |       0 |   14173 |   0.0 |       0 |      29 |   0.0 |   741
       Slime:5 |       0 |   59219 |   0.0 |       0 |      35 |   0.0 |   781
         Orc:1 |       0 |    8107 |   0.0 |       0 |      40 |   0.0 |   474
         Orc:2 |       0 |   26735 |   0.0 |       0 |     105 |   0.0 |  1374
      Vaults:1 |       0 |   50425 |   0.0 |       0 |      72 |   0.0 |  1388
      Vaults:2 |       0 |   39972 |   0.0 |       0 |      63 |   0.0 |  1881
      Vaults:3 |       0 |   60831 |   0.0 |       0 |      92 |   0.0 |  1472
      Vaults:4 |       0 |   72081 |   0.0 |       0 |      77 |   0.0 |  2415
      Vaults:5 |       0 |  119176 |   0.0 |       0 |     105 |   0.0 |  1967
       Crypt:1 |       0 |   37323 |   0.0 |       0 |      64 |   0.0 |  1582
       Crypt:2 |       0 |   50545 |   0.0 |       0 |      59 |   0.0 |   943
       Crypt:3 |       0 |   78742 |   0.0 |       0 |     103 |   0.0 |  2238
      Depths:1 |       0 |   36337 |   0.0 |       0 |      49 |   0.0 |  1303
      Depths:2 |       0 |   71089 |   0.0 |       0 |      70 |   0.0 |  1360
      Depths:3 |       0 |  137247 |   0.0 |       0 |     113 |   0.0 |  2209
      Depths:4 |       0 |   47809 |   0.0 |       0 |      59 |   0.0 |   917
      Depths:5 |       0 |   64765 |   0.0 |       0 |      56 |   0.0 |  1082
         Zot:1 |       0 |   81748 |   0.0 |       0 |      51 |   0.0 |  1027
         Zot:2 |       0 |   43139 |   0.0 |       0 |      28 |   0.0 |   765
         Zot:3 |       0 |   77853 |   0.0 |       0 |      47 |   0.0 |  1349
         Zot:4 |       0 |   60817 |   0.0 |       0 |      44 |   0.0 |   447
       Abyss:1 |   30283 |    8050 |  79.0 |      64 |      12 |  84.2 |  1030
       Abyss:3 |   26168 |   13919 |  65.3 |      28 |      35 |  44.4 |   848
       Abyss:4 |     322 |       0 | 100.0 |       1 |       0 | 100.0 |    68
       Abyss:5 |    4904 |   14687 |  25.0 |       6 |      10 |  37.5 |   237
           Pan |  134946 |  254525 |  34.6 |     197 |     242 |  44.9 |  8872
         Zig:1 |       0 |    3894 |   0.0 |       0 |       1 |   0.0 |    24
         Zig:2 |       0 |    3428 |   0.0 |       0 |       2 |   0.0 |    30
         Zig:3 |       0 |    3244 |   0.0 |       0 |       4 |   0.0 |    39
         Zig:4 |       0 |    8871 |   0.0 |       0 |       9 |   0.0 |    40
         Zig:5 |       0 |    3773 |   0.0 |       0 |      13 |   0.0 |   127
         Zig:6 |       0 |    5449 |   0.0 |       0 |       9 |   0.0 |   174
         Zig:9 |       0 |   16205 |   0.0 |       0 |      16 |   0.0 |   461
        Zig:10 |       0 |   15421 |   0.0 |       0 |      16 |   0.0 |   115
        Zig:12 |       0 |   19770 |   0.0 |       0 |      24 |   0.0 |   225
         Sewer |       0 |      66 |   0.0 |       0 |      21 |   0.0 |   731
         IceCv |       0 |    5369 |   0.0 |       0 |      23 |   0.0 |   358
               +---------+---------+-------+---------+---------+-------+---------
